 Dungeon Crawl Stone Soup version 0.22.1-2-g9c5b331 (webtiles) character file.

93 nightchill the Ruffian (level 4, -2/38 HPs)
             Began as a Ghoul Warper on Nov 18, 2018.
             Was an Initiate of Ru.
             Killed from afar by an orc wizard (9 damage)
             ... with a puff of flame
             ... on level 3 of the Dungeon.
             The game lasted 00:04:37 (1823 turns).

nightchill the Ruffian (Ghoul Warper)               Turns: 1823, Time: 00:04:38

Health: -2/38      AC:  5    Str: 14 (15) XL:     4   Next: 61%
Magic:  5/5        EV: 10    Int:  5 (8)  God:    Ru [......]
Gold:   173        SH:  0    Dex:  6 (8)  Spells: 6/6 levels left

rFire    . . .     SeeInvis .     - Unarmed
rCold    + . .     Gourm    .   (no shield)
rNeg     + + +     Faith    .   j - +0 ring mail
rPois    ∞         Spirit   .   (no helmet)
rElec    .         Reflect  .   (no cloak)
rCorr    .         Harm     .   (no gloves)
MR       .....                  (no boots)
Stlth    ..........             (no amulet)
HPRegen  0.00/turn              (no ring)
MPRegen  0.09/turn              (no ring)

@: rotting
A: rotting body, claws 1, carnivore, cold resistance 1, negative energy
resistance 3, inhibited regeneration, torment resistance, unbreathing
a: Renounce Religion


You were on level 3 of the Dungeon.
You worshipped Ru.
Ru was noncommittal.
You were not hungry.

You visited 1 branch of the dungeon, and saw 3 of its levels.

You collected 173 gold pieces.

Inventory:

Missiles
 d - 5 tomahawks of dispersal (quivered)
 e - 119 stones
 h - 2 throwing nets
Armour
 a - a +0 leather armour
 j - a +0 ring mail (worn)
Jewellery
 l - an uncursed ring of protection from magic {unknown}
 m - an uncursed ring of poison resistance {unknown}
Scrolls
 c - a scroll of blinking
 i - a scroll of teleportation {unknown}
 o - a scroll of enchant armour {unknown}
 q - a scroll of fear {unknown}
 r - a scroll of fog {unknown}
Potions
 g - a potion of might {unknown}
 k - a potion of lignification {unknown}
 n - a potion of curing {unknown}
 p - a potion of agility {unknown}
Comestibles
 f - 5 rations


   Skills:
 + Level 3.4 Fighting
 - Level 0.8 Throwing
 - Level 0.8 Armour
 - Level 1.7 Dodging
 * Level 4.4 Unarmed Combat
 - Level 1.7 Spellcasting
   Level 2.6 Translocations


You had 6 spell levels left.
You didn't know any spells.
Your spell library contained the following spells:

 Spells                   Type           Power        Failure   Level  Hunger
 Blink                    Tloc           N/A          43%         2    ###....
 Shroud of Golubria       Chrm/Tloc      #.........   63%         2    ###....
 Gell's Gravitas          Tloc           #.........   67%         3    ####...
 Lesser Beckoning         Tloc           #.........   67%         3    ####...
 Teleport Other           Tloc           #.......     67%         3    ####...
 Passage of Golubria      Tloc           N/A          97%         4    #####..


Dungeon Overview and Level Annotations

Branches:
Dungeon (3/15)

Altars:
Ru


Innate Abilities, Weirdness & Mutations

Your body is rotting away.
You thrive on raw meat.
You are immune to poison.
You have sharp fingernails.
You are carnivorous and can eat meat at any time.
Your flesh is cold resistant. (rC+)
You are immune to negative energy. (rN+++)
You do not regenerate when monsters are visible.
You are immune to unholy pain and torment.
You can survive without breathing.


Message History

You miss something.
You hear some strange, mumbled words.
A magic dart appears from out of thin air!
The magic dart hits you!
You miss something. Something hits you.
* * * LOW HITPOINT WARNING * * *
Something burns you.
* * * LOW HITPOINT WARNING * * *
You miss something. Something hits you but does no damage.
You scratch something. Something hits you.
* * * LOW HITPOINT WARNING * * *
Something burns you.
* * * LOW HITPOINT WARNING * * *
It was a potion of degeneration.
There was something very wrong with that liquid.
You feel weakened.
You feel dopey.
You feel clumsy.
You hear some strange, mumbled words.
A puff of flame appears from out of thin air!
The puff of flame hits you!
You die...

.. #......
....... ###.
...... .....
#...##.... o....
.........# ...
.........# .K.
#........# #o#
#.....<..# #o#
#........# #{#
.........# #@#
......÷..#### #.#
#...........# #.#
##..........# #.#
#..#.#.....# ##.#
##.........###..#
#####.#...#...##
#.#.....###
#.....###


You could see 2 orcs and a kobold.

Vanquished Creatures
  3 adders (D:2)
  An ooze (D:1)
  2 worms (D:2)
  A leopard gecko (D:2)
  2 orcs (D:3)
  6 giant cockroaches
  4 goblins
  5 hobgoblins (D:2)
  5 jackals
  A quokka (D:2)
  2 bats (D:2)
  2 frilled lizards
  6 kobolds
  13 rats
53 creatures vanquished.

Notes
Turn   | Place    | Note
-------+----------+-------------------------------------------
     0 | D:1      | nightchill the Ghoul Warper began the quest for the Orb.
     0 | D:1      | Reached XP level 1. HP: 17/17 MP: 2/2
   266 | D:1      | Reached XP level 2. HP: 23/25 MP: 3/3
   421 | D:1      | Reached skill level 3 in Unarmed Combat
   971 | D:2      | Found a sacrificial altar of Ru.
   994 | D:2      | Became a worshipper of Ru the Awakened
  1065 | D:2      | Reached XP level 3. HP: 29/30 MP: 4/4
  1406 | D:2      | Reached skill level 4 in Unarmed Combat
  1406 | D:2      | Reached XP level 4. HP: 35/38 MP: 5/5
  1823 | D:3      | Killed from afar by an orc wizard

Skill      XL: |  1  2  3 |
---------------+----------+-----
Unarmed Combat | 3 4 |  4.4
Fighting       | 3 |  3.4
Throwing       | |  0.8
Armour         | |  0.8
Dodging        | |  1.7
Spellcasting   | |  1.7
Translocations | |  2.6

Action                   |  1- 3 |  4- 6 || total
-------------------------+-------+-------++-------
Melee: Unarmed           |   161 |    56 ||   217
       Punch             |     1 |     1 ||     2
  Use: Potion            |       |     1 ||     1
  Eat: Chunk             |    11 |     5 ||    16
Armor: Leather armour    |    11 |       ||    11
       Ring mail         |    40 |    15 ||    55
Dodge: Dodged            |    72 |    18 ||    90
